 Dungeon Crawl Stone Soup version 0.20-a0-1124-g2e29d97 (webtiles) character file.

58 Naow the Shield-Bearer (level 4, -2/35 HPs)
             Began as a Formicid Fighter on May 16, 2017.
             Was an Initiate of Okawaru.
             Slain by an ogre
             ... wielding a +0 giant spiked club
              (22 damage)
             ... on level 4 of the Dungeon.
             The game lasted 00:03:11 (1314 turns).

Naow the Shield-Bearer (Formicid Fighter)           Turns: 1314, Time: 00:03:12

Health: -2/35      AC:  6    Str: 21    XL:     4   Next: 20%
Magic:  4/4        EV:  8    Int:  8    God:    Okawaru [......]
Gold:   120        SH:  9    Dex: 10    Spells: 3/3 levels left

rFire    . . .     SeeInvis +   a - +0 war axe
rCold    . . .     Gourm    .   c - +0 shield
rNeg     . . .     Faith    .   b - +0 scale mail
rPois    .         Spirit   .   (helmet unavailable)
rElec    .         Reflect  .   (no cloak)
rCorr    .         Harm     .   (no gloves)
MR       .....                  (no boots)
Stlth    ..........             (no amulet)
Regen    0.2/turn               (no ring)
MPRegen  0.1/turn               (no ring)

@: no status effects
A: permanent stasis, dig shafts and tunnels, four strong arms, antennae 3
a: Dig, Shaft Self, Renounce Religion


You were on level 4 of the Dungeon.
You worshipped Okawaru.
Okawaru was noncommittal.
You were hungry.

You visited 2 branches of the dungeon, and saw 5 of its levels.

You collected 120 gold pieces.

Inventory:

Hand Weapons
 a - a +0 war axe (weapon)
Armour
 b - a +0 scale mail (worn)
 c - a +0 shield (worn)
 g - a cursed -2 scale mail
Jewellery
 l - an uncursed amulet of faith {unknown}
Scrolls
 e - a scroll of fog {unknown}
 i - 3 scrolls of remove curse {unknown}
 j - a scroll of teleportation {unknown}
 m - 2 scrolls of enchant armour {unknown}
Potions
 d - a potion of might
 h - a potion of berserk rage {unknown}
 n - a potion of flight {unknown}
Comestibles
 f - 4 bread rations
 k - 4 fruits


   Skills:
 - Level 3.2 Fighting
 * Level 3.4 Axes
 - Level 3.2 Armour
 + Level 4.5 Shields


You had 3 spell levels left.
You didn't know any spells.

Dungeon Overview and Level Annotations

Branches:
Dungeon (4/15)             Temple (1/1) D:4

Altars:
Ashenzari
Fedhas
Hepliaklqana
Kikubaaqudgha
Nemelex Xobeh
Okawaru
Qazlal
Sif Muna
Uskayaw
Vehumet
Xom
Yredelemnul
The Shining One

Annotations:
D:3 luab's ghost, amateur GrFi


Innate Abilities, Weirdness & Mutations

You cannot be hasted, slowed, berserked, paralysed or teleported.
You can dig through walls and to a lower floor.
Your four strong arms can wield two-handed weapons with a shield.
You have a pair of large antennae on your head. (SInv)


Message History

m - 2 scrolls labeled OSHOV FEGIDDY (gained 1)
You hear the hiss of a distant avalanche of sand.
e - a scroll labeled ZEUREO WIMU
Found a glowing scale mail.
All of the chunks of flesh in your inventory have rotted away.
You are feeling hungry.
You see here a glowing scale mail.
You see here a glowing scale mail.
g - a glowing scale mail You hear the brisk hiss of a distant avalanche of sand.
You sense a monster nearby.
An ogre comes into view. It is wielding a giant spiked club.
The ogre shouts!
An ogre is nearby!
The ogre hits you with a giant spiked club!
You hit the ogre.
The ogre is moderately wounded.
The ogre hits you with a giant spiked club!!
Ouch! That really hurt!
You die...

#.# #.# #
#.# #.###
#.# #....
#.# #####
#.# # #.#
# #.# #
#.########
#
#.@O......
#
###..#####
#.# $# .
.. .# ##


You could see an ogre.

Vanquished Creatures
  An adder (D:3)
  3 orcs (D:3)
  2 ball pythons
  4 bats (D:1)
  5 giant cockroaches
  5 goblins (D:1)
  3 hobgoblins
  4 jackals (D:2)
  6 kobolds
  4 frilled lizards
  A leopard gecko skeleton (D:4)
  2 rats
40 creatures vanquished.

Notes
Turn   | Place    | Note
-------+----------+-------------------------------------------
     0 | D:1      | Naow the Formicid Fighter began the quest for the Orb.
     0 | D:1      | Reached XP level 1. HP: 18/18 MP: 1/1
   125 | D:1      | Reached XP level 2. HP: 18/24 MP: 2/2
   208 | D:1      | Reached skill level 4 in Shields
   502 | D:1      | Reached XP level 3. HP: 29/29 MP: 3/3
   886 | D:2      | Found a blossoming altar of Fedhas.
   917 | D:2      | You fall through a shaft!
   959 | D:3      | Reached XP level 4. HP: 14/35 MP: 4/4
  1012 | D:3      | Noticed luab's ghost (amateur GrFi)
  1206 | D:4      | Found a staircase to the Ecumenical Temple.
  1220 | Temple   | Entered the Ecumenical Temple
  1233 | Temple   | Became a worshipper of Warmaster Okawaru
  1312 | D:4      | Noticed an ogre
  1314 | D:4      | Slain by an ogre

Vault maps used:
D:1:      minmay_arrival_four_houses
D:2:      nicolae_overflow_crystal_walls, chequers_ecumenical_altar_simple,
          fedhas_altar_1
D:3:      lemuel_crystal_altar, makhleb_heckhound_becter
D:4:      tgw_trog, minmay_temple_entry_water_ring, nicolae_ossuary_entry_plus
Temple:   lightli_temple_of_artemis

Skill      XL: |  1  2  3 |
---------------+----------+-----
Shields        | 4 |  4.5
Axes           | 3 |  3.4
Fighting       | |  3.2
Armour         | |  3.2

Action                   |  1- 3 |  4- 6 || total
-------------------------+-------+-------++-------
Melee: War axe           |   123 |     6 ||   129
  Use: Potion            |     1 |       ||     1
  Eat: Chunk             |       |     1 ||     1
Armor: Scale mail        |    71 |     7 ||    78
Dodge: Dodged            |    51 |     2 ||    53
Block: Shield            |    83 |     5 ||    88
